 Dungeon Crawl Stone Soup version 0.19-a0-1672-g679cadd (webtiles) character file.

1023 Goblin1989 the Covert (level 8, -4/38 HPs)
             Began as a Vine Stalker Assassin on Sept 22, 2016.
             Was a Follower of Uskayaw.
             Slain by an orc warrior
             ... wielding a +0 flail
              (13 damage)
             ... on level 6 of the Dungeon.
             The game lasted 00:17:11 (4069 turns).

Goblin1989 the Covert (Vine Stalker Assassin)       Turns: 4069, Time: 00:17:11

Health: -4/38      AC:  6    Str: 14    XL:     8   Next: 22%
Magic:  0/9        EV: 10    Int:  7    God:    Uskayaw [*.....]
Gold:   389        SH:  0    Dex: 18    Spells: 0 memorised, 7 levels left

rFire  . . .     SeeInvis .     a - +2 dagger
rCold  . . .     Gourm    .     t - +0 ring mail
rNeg   . . .     Faith    .     (no shield)
rPois  .         Spirit   +     l - +2 helmet
rElec  .         Dismiss  .     d - +0 cloak
rCorr  .         Reflect  .     (no gloves)
MR     ++...     Harm     .     (no boots)
Stlth  +++.......               (no amulet)
                                (no ring)
                                y - ring "Ebbed" {+Blink MR+}

@: no status effects
A: fangs 3, blurry vision 1, deformed body, dopey 2, regeneration 1, magic
shield, antimagic bite, no device heal 3, rot immunity
a: Stomp, Renounce Religion, Evoke Blink


You were on level 6 of the Dungeon.
You worshipped Uskayaw.
Uskayaw was noncommittal.
You were very hungry.

You visited 1 branch of the dungeon, and saw 6 of its levels.

You collected 389 gold pieces.

Inventory:

Hand Weapons
 a - a +2 dagger (weapon)
 b - a +0 blowgun
 F - the +3 hand axe of Turmoil {chop, +Fly SInv}
   (You found it on level 5 of the Dungeon)

   It inflicts extra damage upon your enemies.
   It lets you see invisible.
   It lets you fly.
 G - the +7 quarterstaff of Distant Worlds {drain, +Blink Stlth+}
   (You found it on level 6 of the Dungeon)

   A truly terrible weapon, it drains the life of those it strikes.
   It lets you blink.
   It makes you more stealthy.
Missiles
 e - 50 poisoned needles
 f - 2 curare-tipped needles
Armour
 d - a +0 cloak (worn)
 l - a +2 helmet (worn)
 t - a +0 ring mail (worn)
Jewellery
 y - the ring "Ebbed" (left hand) {+Blink MR+}
   (You found it on level 4 of the Dungeon)

   [ring of protection from magic]

   It affects your resistance to hostile enchantments.
   It lets you blink.
Wands
 D - a wand of polymorph (6/24)
 J - a wand of lightning (4/15)
 L - a wand of slowing (24/48)
 N - a wand of iceblast (5/15)
Scrolls
 h - a scroll of magic mapping {unknown}
 i - 2 scrolls of immolation {unknown}
 j - a scroll of random uselessness {unknown}
 k - 4 scrolls of teleportation
 o - 2 scrolls of recharging {unknown}
 r - 2 scrolls of remove curse
 s - 2 scrolls of amnesia {unknown}
 w - a scroll of fog {unknown}
 E - a scroll of noise {unknown}
 I - a scroll of torment {unknown}
 K - a scroll of fear {unknown}
Potions
 n - 3 potions of agility
 p - 2 potions of lignification
 v - a potion of beneficial mutation {unknown}
 x - 2 potions of might
 z - a potion of invisibility {unknown}
 A - a potion of resistance
 B - 2 potions of cancellation
 C - a potion of flight {unknown}
 H - a potion of brilliance {unknown}
 M - a potion of curing {unknown}
Comestibles
 c - a slice of pizza
 g - 3 bread rations
 m - 4 fruits
 q - 2 meat rations
 u - a royal jelly


   Skills:
 - Level 1.7 Fighting
 * Level 7.2 Short Blades
 - Level 1.7 Throwing
 - Level 0.7 Dodging
 + Level 8.4 Stealth


You had 7 spell levels left.
You didn't know any spells.

Dungeon Overview and Level Annotations

Branches:
Dungeon (6/15)             Temple (0/1) D:5

Altars:
Ashenzari
Fedhas
Gozag
Hepliaklqana
Makhleb
Nemelex Xobeh
Uskayaw
Vehumet
Yredelemnul
The Shining One

Annotations:
D:6 exclusion: statue


Innate Abilities, Weirdness & Mutations

You have razor-sharp teeth.
Your natural rate of healing is unusually fast.
When hurt, damage is shared between your health and your magic reserves.
Your bite disrupts and absorbs the magic of your enemies.
Potions and wands cannot restore your health.
You are immune to rotting.
Scrolls take you a little longer to read.
Armour fits poorly on your strangely shaped body.
You are very dopey. (Int -4)


Message History

The orc warrior is moderately wounded.
The orc warrior hits you with a flail!
* * * LOW HITPOINT WARNING * * *
You take 12 damage, and have 7/38 hp.
MASSIVE DAMAGE!!
You now have 3/9 mp.
Evoke which item? (* to show all) (? for menu, Esc to quit)
Zapping:
N - a wand of iceblast (will waste charges)
Press: ? - help, Shift-Dir - straight line, f - orc warrior
Aim: an orc warrior, wielding a flail and wearing a plate armour (moderately wounded)
The mass of ice explodes!
The iceblast engulfs the orc warrior.
The orc warrior is heavily wounded.
The iceblast engulfs the orc.
You kill the orc!
Evoking this partially-identified wand wasted a few charges.
You hit the orc warrior but do no damage.
You bite the orc warrior, but do no damage.
The orc warrior is heavily wounded.
The orc warrior hits you with a flail!
You die...

#.# ####.##### ##.#...##.. #.#
#........# #.#.<.##.# #.#
#.##.###.# #.######.# #.####
#.##.# #.# ##'## #.# .....#
#.##.###.# ##...## #.# ##.#.#
#.##.....# ##.....## #.# .....#
#.#####..# ##.......###.#
...#####.####...####.............
.).........<....@o.o.............
..###########...####.........##.#
.## ######.### ##.......###.. .#
#........# ##......# ### .#
#.####.#.# ##...#.##### .#
#.####.#.# ##'##...... .#
#)##...#.# #.######## .#
#.##.###.# #.# .# #.##.# #.#
##.########


You could see an orc warrior and an orc.

Vanquished Creatures
  Grinder (D:6)
  An ice beast (D:6)
  A sky beast (D:6)
  2 howler monkeys
  3 crimson imps (D:6)
  2 orc priests (D:6)
  A centaur skeleton (D:4)
  A hound (D:4)
  3 iguanas
  4 orc wizards (D:6)
  A worker ant (D:6)
  4 adders
  4 gnolls (D:4)
  A worm (D:2)
  A dart slug (D:1)
  2 leopard geckos
  6 orcs (D:6)
  2 ball pythons
  3 bats
  A giant cockroach (D:4)
  2 gnoll zombies (D:2)
  5 goblins
  4 jackals (D:6)
  3 quokkas
  A frilled lizard (D:1)
  2 kobolds (D:1)
  3 rats
64 creatures vanquished.

Notes
Turn   | Place    | Note
-------+----------+-------------------------------------------
     0 | D:1      | Goblin1989 the Vine Stalker Assassin began the quest for the Orb.
     0 | D:1      | Reached XP level 1. HP: 11/11 MP: 2/2
   462 | D:1      | Reached skill level 5 in Stealth
   462 | D:1      | Reached XP level 2. HP: 15/15 MP: 3/3
   576 | D:2      | Found a hide-covered altar of Uskayaw.
   577 | D:2      | crauler: зочем стелс?
   577 | D:2      | crauler: опа
   577 | D:2      | crauler: а вот и ответ
   577 | D:2      | Goblin1989: дадада
   577 | D:2      | Goblin1989: я его ради этого бога брал же!
   577 | D:2      | Noticed a dagger
   577 | D:2      | Noticed a dagger
   585 | D:2      | Became a worshipper of Uskayaw the Reveler
   614 | D:2      | Found a blossoming altar of Fedhas.
   615 | D:2      | Found a burning altar of Makhleb.
   627 | D:2      | Reached * piety under Uskayaw
   629 | D:2      | Found a hazy altar of Hepliaklqana.
   848 | D:2      | You fall through a shaft!
   936 | D:2      | Iwannabefree: хуйня жи
   980 | D:2      | Found a basalt altar of Yredelemnul.
  1047 | D:2      | Iwannabefree: хотя на все может и норм
  1069 | D:3      | Iwannabefree: но в общем случае слишком долго разгоняется пиети для абилок
  1261 | D:3      | Reached XP level 3. HP: 17/18 MP: 4/4
  1345 | D:3      | crauler: топоры надо
  1387 | D:3      | crauler: и сапоги азазина
  1794 | D:4      | Reached ** piety under Uskayaw
  1825 | D:4      | crauler: игуаны это зло нахуй
  2091 | D:4      | Gained mutation: Your natural rate of healing is unusually fast. [Vine Stalker growth]
  2091 | D:4      | Reached XP level 4. HP: 17/23 MP: 3/5
  2125 | D:4      | Found a shattered altar of Ashenzari.
  2154 | D:4      | Got a scintillating marble ring
  2164 | D:4      | crauler: семь свитков, явно ид
  2178 | D:4      | crauler: анус ставлю
  2179 | D:4      | Reached skill level 6 in Stealth
  2179 | D:4      | Reached XP level 5. HP: 26/26 MP: 6/6
  2183 | D:4      | crauler: кольцо
  2184 | D:4      | Identified the ring "Ebbed" {+Blink MR+} (You found it on level 4 of the Dungeon)
  2252 | D:4      | Reached *** piety under Uskayaw
  2395 | D:4      | Found a burning altar of Makhleb.
  2405 | D:4      | Reached XP level 6. HP: 29/30 MP: 5/7
  2656 | D:5      | Entered Level 5 of the Dungeon
  2657 | D:5      | Iwannabefree: пацаны есть способ исключить из автопаузы какие-то отдельные мессейджи?
  2661 | D:5      | crauler: то есть?
  2661 | D:5      | Iwannabefree: Например о том что персонаж голоден
  2661 | D:5      | Goblin1989: ну
  2661 | D:5      | Goblin1989: я просто форсеморе включил
  2661 | D:5      | crauler: ignore runrest вроде
  2661 | D:5      | crauler: и нужное сообщение
  2661 | D:5      | Goblin1989: а ты просто скопируй те сообщения которые тебе нужны
  2661 | D:5      | crauler: сейчас дам точную команду
  2664 | D:5      | Iwannabefree: у меня тоже форсеморе и дико заебывает когда он меня прерывает по хуйне
  2668 | D:5      | Found a staircase to the Ecumenical Temple.
  2727 | D:5      | Reached skill level 5 in Short Blades
  2860 | D:5      | Got a transparent hand axe
  2861 | D:5      | Identified the +3 hand axe of Turmoil {chop, +Fly SInv} (You found it on level 5 of the Dungeon)
  2870 | D:5      | crauler: http://crawl.akrasiac.org/docs/options_guide.txt
  3014 | D:5      | crauler: ctrl f runrest_ignore
  3053 | D:5      | Found a glowing golden altar of the Shining One.
  3282 | D:6      | Got a shimmering quarterstaff
  3283 | D:6      | Identified the +7 quarterstaff of Distant Worlds {drain, +Blink Stlth+} (You found it on level 6 of the Dungeon)
  3290 | D:6      | Noticed an ice beast
  3293 | D:6      | Killed an ice beast
  3328 | D:6      | Reached skill level 7 in Stealth
  3329 | D:6      | Found an opulent altar of Gozag.
  3366 | D:6      | Reached XP level 7. HP: 34/34 MP: 8/8
  3383 | D:6      | Noticed Grinder
  3386 | D:6      | Killed Grinder
  3442 | D:6      | Found a sparkling altar of Nemelex Xobeh.
  3577 | D:6      | Reached skill level 8 in Stealth
  3586 | D:6      | Gained mutation: You are dopey. (Int -2) [mutagenic meat]
  3589 | D:6      | Gained mutation: You are very dopey. (Int -4) [mutagenic meat]
  3592 | D:6      | Gained mutation: Armour fits poorly on your strangely shaped body. [mutagenic meat]
  3595 | D:6      | Gained mutation: Scrolls take you a little longer to read. [mutagenic meat]
  3595 | D:6      | crauler: найс
  3595 | D:6      | Goblin1989: хехе
  3595 | D:6      | Goblin1989: я победитель!
  3605 | D:6      | crauler: блюр ебаный
  3734 | D:6      | crauler: ??blur
  3734 | D:6      | beem: I don't have a page labeled blur in my learndb.
  3738 | D:6      | Iwannabefree: аригатоу
  3738 | D:6      | Gained mutation: You have razor-sharp teeth. [Vine Stalker growth]
  3738 | D:6      | Reached XP level 8. HP: 37/38 MP: 7/9
  3743 | D:6      | crauler: ??blurred vision
  3746 | D:6      | beem: blurry vision[1/1]: When reading a scroll, there is a delay of 0.5/1/2 turns before the scroll takes effect.
  3797 | D:6      | crauler: домо
  3947 | D:6      | Found a radiant altar of Vehumet.
  4069 | D:6      | Slain by an orc warrior

Vault maps used:
D:1:      dpeg_arrival_rhombi
D:2:      dancing_weapons_uskayaw, grunt_temple_overflow_open,
          lemuel_zombie_altar_yredelemnul
D:3:      first_bread
D:4:      cheibrodos_ashenzari_chains, makhleb_heckhound_becter
D:5:      tso_metal_star
D:6:      kennysheep_little_box, vehumet_statue,
          nemelex_xobeh_ov_fountains_minmay, uniq_grinder

Skill      XL: |  1  2  3  4  5  6  7  8 |
---------------+-------------------------+-----
Short Blades   | 2 3 4 5 6 7 |  7.2
Stealth        | 5 6 7 8 |  8.4
Fighting       | |  1.7
Throwing       | |  1.7
Dodging        | |  0.7

Action                   |  1- 3 |  4- 6 |  7- 9 || total
-------------------------+-------+-------+-------++-------
Melee: Dagger            |    89 |    83 |   111 ||   283
       Bite              |    16 |    22 |    35 ||    73
Evoke: Wand              |       |       |     1 ||     1
  Use: Scroll            |       |     9 |       ||     9
 Stab: Sleeping          |     7 |     7 |     5 ||    19
       Paralysed         |       |     2 |     3 ||     5
  Eat: Chunk             |     2 |     4 |     5 ||    11
       Pizza             |     1 |       |       ||     1
Armor: Robe              |    23 |       |       ||    23
       Ring mail         |     7 |    27 |    24 ||    58
Dodge: Dodged            |    37 |    21 |    28 ||    86
